AoeStats
← Crazy_Owl

Arena

509341521Analyzed
1v1 RM · 7d ago on Sep 26, 2026· 50m 44s· 2 players
Game mode
Random Map
Map size
Tiny (2 player)
Population
200
Speed
Normal
Resources
Standard
Victory
Conquest
Starting age
Dark Age
Ending age
Imperial Age
RankedLock teamsTeams togetherTeam positionsShared explorationLock speedFull tech treeHidden civsTurbo modeCheats
Victory
Defeat
🇩🇪 Teutons · Germany
897
+18
🇳🇱 Goths · Netherlands
935
-18
Tequilla
10:55 Feudal Age
12:52 Double-Bit Axe
14:07 Horse Collar
18:29 Castle Age
16:28 Stone Mining
19:20 Scale Barding Armor
19:58 Gold Mining
21:07 Bow Saw
22:37 Bloodlines
22:47 Forging
23:28 Loom
25:53 Heavy Plow
30:14 Stone Shaft Mining
34:09 Imperial Age
33:12 Iron Casting
32:38 Scale Mail Armor
33:34 Chain Barding Armor
34:44 Wheelbarrow
36:05 Blast Furnace
35:20 Chain Mail Armor
36:43 Elite Teutonic Knight
44:12 Plate Mail Armor
Crazy_Owl
11:14 Feudal Age
12:48 Wheelbarrow
15:47 Castle Age
13:54 Double-Bit Axe
14:10 Horse Collar
15:17 Loom
18:42 Bow Saw
18:41 Heavy Plow
24:46 Scale Mail Armor
24:30 Pikeman
26:21 Squires
26:16 Fletching
27:52 Chain Mail Armor
29:39 Gold Mining
29:14 Man-at-Arms
29:54 Bodkin Arrow
30:10 Forging
30:06 Long Swordsman
32:04 Hand Cart
35:24 Imperial Age
35:08 Iron Casting
35:36 Halberdier
35:38 Two-Handed Swordsman
37:32 Champion
39:37 Bracer
40:38 Blast Furnace
39:55 Perfusion
40:20 Conscription
41:43 Anarchy
51:28 Two-Man Saw
Connection lost

Rejoining the realm…

Still unreachable

The connection could not be restored.

Session expired

The server has moved on; the page needs a fresh start.